 Dungeon Crawl Stone Soup version 0.28-a0-1033-g1a2f33fa85 (webtiles) character file.

Game seed: 13861370543965856560

271 Umoon2 the Ducker (level 6, -6/48 HPs)
             Began as a Demonspawn Gladiator on Dec 7, 2021.
             Mangled by Duvessa (17 damage)
             ... on level 4 of the Dungeon.
             The game lasted 00:04:11 (3423 turns).

Umoon2 the Ducker (Demonspawn Gladiator)            Turns: 3423, Time: 00:04:12

Health: -6/48      AC:  9    Str: 14    XL:     6   Next: 2%
Magic:  6/6        EV: 11    Int:  9    God:
Gold:   103        SH:  0    Dex: 17    Spells: 5/5 levels left

rFire   . . .      SeeInvis .   s - +1 dagger (venom)
rCold   . . .      Faith    .   (no shield)
rNeg    + . .      Spirit   .   p - +2 scale mail {rN+}
rPois   .          Reflect  .   c - +0 helmet
rElec   .          Harm     .   (no cloak)
rCorr   +          Rampage  .   (no gloves)
Will    .....                   (no boots)
Stlth   ..........              k - amulet of regeneration
HPRegen 0.96/turn               f - ring of resist corrosion
MPRegen 0.10/turn               (no ring)

@: no status effects
A: condensation shield
a: no special abilities


You were on level 4 of the Dungeon.
You visited 1 branch of the dungeon, and saw 4 of its levels.

You collected 103 gold pieces.

Inventory:

Hand Weapons
 a - a +0 rapier
 o - a +1 flail of venom
 s - a +1 dagger of venom (weapon)
Missiles
 d - 3 throwing nets (quivered)
Armour
 b - a +0 leather armour
 c - a +0 helmet (worn)
 p - a +2 scale mail of positive energy (worn)
 r - a scarf of harm
Jewellery
 f - a ring of resist corrosion (left hand)
 k - an amulet of regeneration (around neck)
 l - a ring of ice
 t - a +6 ring of intelligence
Scrolls
 e - 2 scrolls of teleportation {unknown}
 h - 3 scrolls of identify {unknown}
 i - a scroll of magic mapping {unknown}
 n - a scroll of enchant weapon {unknown}
 q - a scroll of immolation {unknown}
Potions
 g - 3 potions of curing {unknown}
 j - a potion of haste {unknown}
 m - 2 potions of might {unknown}


   Skills:
 + Level 3.9 Fighting
 - Level 2.6 Short Blades
 - Level 1.7 Throwing
 + Level 2.9 Armour
 + Level 4.2 Dodging


You had 5 spell levels left.
You didn't know any spells.
Your spell library contained the following spells:

 Spells                   Type           Power      Damage    Failure   Level
 Apportation              Tloc           0%         N/A       86%         1
 Magic Dart               Conj           0%         1d3       86%         1
 Blink                    Tloc           0%         N/A       94%         2
 Searing Ray              Conj           0%         2d4       94%         2
 Lesser Beckoning         Tloc           0%         N/A       99%         3
 Fulminant Prism          Conj/Hex       0%         3d6       100%        4
 Alistair's Intoxication  Tmut/Pois      0%         N/A       100%        5
 Manifold Assault         Tloc           0%         N/A       100%        5


Dungeon Overview and Level Annotations

Branches:
Dungeon (4/15)
 Temple: D:4-7

Altars:
Uskayaw

Shops:
D:3 =[

Annotations:
D:4 Duvessa


Innate Abilities, Weirdness & Mutations

A meltable shield of frost defends you. (SH +0)


Message History

The puff of flame hits you but does no damage.
You see here a +0 robe.
Dowan zaps a wand.
The puff of flame hits you.
You hit Duvessa.
Duvessa is poisoned.
Duvessa is lightly wounded.
Dowan hits you with a +0 dagger. Duvessa misses you.
You hit Duvessa but do no damage.
Duvessa looks as sick as possible!
Duvessa is lightly wounded.
You kill Dowan!
Duvessa screams in rage.
Duvessa goes berserk!
Duvessa hits you with a +0 rapier!
You have reached level 6!
You barely miss Duvessa.
Duvessa is moderately wounded.
Duvessa hits you with a +0 rapier.
You hit Duvessa but do no damage.
Duvessa looks as sick as possible!
Duvessa is moderately wounded.
Duvessa closely misses you.
You hit Duvessa but do no damage.
Duvessa is moderately wounded.
Duvessa hits you with a +0 rapier!
* * * LOW HITPOINT WARNING * * *
Duvessa hits you but does no damage.
Unknown command.
Duvessa hits you with a +0 rapier.
* * * LOW HITPOINT WARNING * * *
You closely miss Duvessa.
Duvessa is moderately wounded.
Duvessa closely misses you.
You hit Duvessa.
Duvessa looks as sick as possible!
Duvessa is heavily wounded.
Duvessa hits you with a +0 rapier.
* * * LOW HITPOINT WARNING * * *
Duvessa barely misses you. Duvessa hits you with a +0 rapier.
* * * LOW HITPOINT WARNING * * *
You completely miss Duvessa.
Duvessa is severely wounded.
Duvessa hits you with a +0 rapier!
You die...

#...##.##..## ...
.......#...####... ##
#..<........#... # ..
#.............. .#
######........#...# ..##
....##......[##...##....
........#.#...#......###
........#.#.............
..))....#.#####.@.......
#.##....#.. ..##e.......
#..##...### #.##...#.#.#
#.....>... #.#..#......
......#.... #.#[.#.#.#.#
.....###... #?#.........
.......... #e#)...#.#.#
........# #.#.........
###.##### #......#.#.#


You could see Duvessa (berserk, extremely poisoned).

Vanquished Creatures
  An ogre (D:4)
  Dowan (D:4)
  Terence (D:3)
  Robin (D:3)
  2 adders
  An ufetubus (D:3)
  3 worms
  2 bats (D:1)
  9 endoplasms
  2 giant cockroaches (D:1)
  15 goblins
  6 hobgoblins
  2 jackals (D:3)
  5 kobolds
  2 quokkas (D:1)
  5 ball pythons
  5 frilled lizards
  6 rats
69 creatures vanquished.

Vanquished Creatures (others)
  A kobold (D:3)
1 creature vanquished.

Grand Total: 70 creatures vanquished

Notes
Turn   | Place    | Note
-------+----------+-------------------------------------------
     0 | D:1      | Umoon2 the Demonspawn Gladiator began the quest for the
                  | Orb.
     0 | D:1      | Reached XP level 1. HP: 16/16 MP: 1/1
   384 | D:1      | Gained mutation: A meltable shield of frost defends you.
                  | (SH +0) [demonic ancestry]
   384 | D:1      | Reached XP level 2. HP: 22/22 MP: 2/2
   500 | D:1      | Reached skill level 3 in Dodging
   593 | D:1      | Reached skill level 1 in Armour
   720 | D:1      | Found a faded altar of an unknown god.
   720 | D:1      | Noticed a chaos spawn
  1247 | D:2      | Reached XP level 3. HP: 17/28 MP: 3/3
  1843 | D:2      | Found a hide-covered altar of Uskayaw.
  2482 | D:3      | Noticed Terence
  2487 | D:3      | Killed Terence
  2488 | D:3      | Reached XP level 4. HP: 11/35 MP: 4/4
  2586 | D:3      | Noticed Robin
  2615 | D:3      | Killed Robin
  2705 | D:3      | Found Xuvvoju's Armour Shoppe.
  2755 | D:3      | Found Mayteig's Jewellery Emporium.
  3311 | D:4      | Noticed an ogre
  3322 | D:4      | Killed an ogre
  3323 | D:4      | Reached skill level 4 in Dodging
  3323 | D:4      | Reached XP level 5. HP: 42/42 MP: 5/5
  3397 | D:4      | Noticed Dowan
  3398 | D:4      | Noticed Duvessa
  3412 | D:4      | Killed Dowan
  3413 | D:4      | Reached XP level 6. HP: 25/48 MP: 6/6
  3423 | D:4      | Mangled by Duvessa

Illustrated notes

Levels and vault maps discovered:
D:1:      saegor_arrival_fortress, layout_basic,
          dreamdust_ecumenical_altar_sealed_demon
D:2:      layout_basic, basic_altar, hangedman_abyss_or_decor_stabs,
          hangedman_decor_clover_reticule
D:3:      layout_loops_ring, serial_shops, shop, shop, serial_bayou_pond_e,
          lemuel_flame_loot_1, uniq_robin, uniq_terence
D:4:      layout_cave_pools, grunt_temple_overflow_cloverleaf,
          serial_co_window_serial, co_window_paths_b, co_window_paths_a,
          co_window_corner_a, co_window_paths_a, co_window_corner_a,
          co_window_paths_a, co_window_broadway_a, co_window_broadway_a,
          co_window_2corner, co_window_2corner, co_window_paths_c,
          glass_columns_c, grunt_ministairs_11, uniq_duvessa

Skill      XL: |  1  2  3  4 |
---------------+-------------+-----
Dodging        | 3 4 |  4.2
Armour         | 1 2 |  2.9
Fighting       | 3 |  3.9
Short Blades   | |  2.6
Throwing       | |  1.7

Action                   |  1- 3 |  4- 6 || total
-------------------------+-------+-------++-------
Melee: Rapier            |   129 |       ||   129
       Flail             |       |    49 ||    49
       Dagger            |       |    65 ||    65
 Stab: Sleeping          |     2 |       ||     2
Armor: Leather armour    |    30 |       ||    30
       Scale mail        |       |    50 ||    50
Dodge: Dodged            |    59 |    58 ||   117
Block: Other             |    15 |    18 ||    33

Table legend: (Time is in decaauts)
 A = Elapsed time spent in this place.
 B = Non-inter-level travel time spent in this place.
 C = Inter-level travel time spent in this place.
 D = Time resting spent in this place.
 E = Time spent auto-exploring this place.
 F = Levels seen in this place.
 G = Mean time per level.
                   A        B        C        D        E       F      G
               +--------+--------+--------+--------+--------+-----+--------+
         Total |   3444 |   3271 |    173 |    243 |   2466 |   4 |  861.0 |
       Dungeon |   3444 |   3271 |    173 |    243 |   2466 |   4 |  861.0 |
               +--------+--------+--------+--------+--------+-----+--------+

Top non-repeatable levels by time:
     D:2: 1250 daAuts
     D:1: 1224 daAuts
     D:3: 858 daAuts
     D:4: 111 daAuts
